 Dungeon Crawl Stone Soup version 0.19.0-18-g426998a (webtiles) character file.

184 JeffiDaFish the Covered (level 5, -1/29 HPs)
             Began as a Gargoyle Fighter on Nov 11, 2016.
             Slain by a hobgoblin
             ... wielding a +0 club
              (2 damage)
             ... on level 3 of the Dungeon.
             The game lasted 00:06:26 (1908 turns).

JeffiDaFish the Covered (Gargoyle Fighter)          Turns: 1908, Time: 00:06:26

Health: -1/29      AC: 13    Str: 26    XL:     5   Next: 64%
Magic:  5/5        EV:  6    Int: 10    God:
Gold:   70         SH: 10    Dex:  9    Spells: 0 memorised, 4 levels left

rFire  . . .     SeeInvis +     a - +0 flail
rCold  . . .     Gourm    .     m - +0 chain mail
rNeg   + . .     Faith    .     c - +1 shield
rPois  ∞         Spirit   .     (no helmet)
rElec  +         Reflect  .     (no cloak)
rCorr  .         Harm     .     (no gloves)
MR     .....                    (no boots)
Stlth  ..........               l - amulet of regeneration
                                (no ring)
                                k - ring of see invisible

@: mighty, about to teleport
A: clever 1, deterioration 1, frail 1, negative energy resistance 1, electricity
resistance, unbreathing, petrification resistance, rot immunity, AC +4
a: no special abilities


You were on level 3 of the Dungeon.
You were not hungry.

You visited 1 branch of the dungeon, and saw 3 of its levels.

You collected 70 gold pieces.

Inventory:

Hand Weapons
 a - a +0 flail (weapon)
Armour
 c - a +1 shield (worn)
 m - a +0 chain mail (worn)
Jewellery
 k - a ring of see invisible (left hand)
 l - an amulet of regeneration (around neck)
Scrolls
 e - 2 scrolls of identify
 j - a scroll of remove curse
Comestibles
 b - 3 chunks of flesh
 f - a bread ration
 h - 2 meat rations
 i - 6 fruits


   Skills:
 + Level 3.8 Fighting
 + Level 3.8 Maces & Flails
 + Level 4.2 Armour
 + Level 1.4 Dodging
 + Level 0.2 Stealth
 + Level 3.7 Shields


You had 4 spell levels left.
You didn't know any spells.

Dungeon Overview and Level Annotations

Branches:
Dungeon (3/15)

Altars:
Gozag
Yredelemnul


Innate Abilities, Weirdness & Mutations

You are resistant to torment.
Your stone body is resilient. (AC +4)
You are immune to poison.
You resist negative energy. (rN+)
You are resistant to electric shocks. (rElec)
You can survive without breathing.
You are immune to petrification.
You are immune to rotting.
Your mind is acute. (Int +2)
Your body sometimes deteriorates upon taking damage.
You are frail. (-10% HP)


Message History

You closely miss the jackal.
The jackal bites you but does no damage.
The quokka bites you but does no damage.
The iguana bites you!
The jackal bites you but does no damage.
You block the hobgoblin's attack. The jackal barely misses you.
The iguana bites you.
* * * LOW HITPOINT WARNING * * *
The quokka bites you but does no damage.
As you read the scroll of teleportation, it crumbles to dust.
You feel strangely unstable.
The jackal bites you but does no damage. x2
The hobgoblin hits you but does no damage.
You block the quokka's attack. You block the jackal's attack.
The iguana bites you.
* * * LOW HITPOINT WARNING * * *
The jackal completely misses you.
You feel very mighty all of a sudden. You block the jackal's attack.
The hobgoblin hits you with a club.
You die...

...... ........## ...... ..
........ . ...... #..
#......## .. ......
..##.......##(.. ......
...........?... ......
.###......%..## ......
........lgh...# (.....
#.....hh@r...# ..####
........#>#####..#. #
.....#..#..## #.... #
....#...##..###.#.. #
.......?.##.##....<###### #
##.......##.............####
#........##.............##..
#........#...............#.#
#.>###.....................#


You could see an iguana, a quokka, 3 jackals and a hobgoblin.

Vanquished Creatures
  Ijyb (D:2)
  6 adders
  An ooze (D:2)
  4 worms
  5 dart slugs
  2 leopard geckos
  2 orcs (D:3)
  2 giant cockroaches
  11 goblins
  13 hobgoblins
  3 jackals
  A quokka (D:2)
  A ball python (D:1)
  5 bats
  3 frilled lizards
  7 kobolds
  8 rats
75 creatures vanquished.

Notes
Turn   | Place    | Note
-------+----------+-------------------------------------------
     0 | D:1      | JeffiDaFish the Gargoyle Fighter began the quest for the Orb.
     0 | D:1      | Reached XP level 1. HP: 14/14 MP: 1/1
     4 | D:1      | Noticed an anaconda
    54 | D:1      | Reached XP level 2. HP: 15/19 MP: 2/2
   299 | D:1      | Reached XP level 3. HP: 11/23 MP: 3/3
   652 | D:1      | Noticed a death yak
   912 | D:2      | Reached skill level 4 in Armour
   912 | D:2      | Reached XP level 4. HP: 23/28 MP: 4/4
   945 | D:2      | Found an opulent altar of Gozag.
  1141 | D:2      | Reached skill level 1 in Dodging
  1178 | D:2      | Gained mutation: Your mind is acute. (Int +2) [potion of mutation]
  1178 | D:2      | Gained mutation: Your body sometimes deteriorates upon taking damage. [potion of mutation]
  1178 | D:2      | Gained mutation: You are frail. (-10% HP) [potion of mutation]
  1197 | D:2      | Noticed Ijyb
  1219 | D:2      | Killed Ijyb
  1220 | D:2      | Reached XP level 5. HP: 27/29 MP: 5/5
  1319 | D:2      | Found a basalt altar of Yredelemnul.
  1907 | D:3      | HP: 1/29 [iguana (3)]
  1908 | D:3      | Slain by a hobgoblin

Skill      XL: |  1  2  3  4 |
---------------+-------------+-----
Armour         | 4 |  4.2
Maces & Flails | 3 |  3.8
Dodging        | 1 |  1.4
Fighting       | |  3.8
Stealth        | |  0.2
Shields        | |  3.7

Action                   |  1- 3 |  4- 6 || total
-------------------------+-------+-------++-------
Melee: Flail             |   140 |   209 ||   349
  Use: Scroll            |     4 |     4 ||     8
       Potion            |     1 |     6 ||     7
 Stab: Sleeping          |     1 |       ||     1
  Eat: Chunk             |       |     4 ||     4
Armor: Scale mail        |   108 |    69 ||   177
       Chain mail        |       |   106 ||   106
Dodge: Dodged            |    72 |    90 ||   162
Block: Shield            |    98 |   176 ||   274
